 Dungeon Crawl Stone Soup version 0.28.0-53-g5a82cb258f (webtiles) character file.

Game seed: 17449345019205893497

12994 brightestdays the Nimble (level 12, -5/127 HPs)
             Began as a Djinni Fire Elementalist on Aug 23, 2022.
             Was a Priest of Elyvilon.
             Slain by a polar bear (13 damage)
             ... on level 1 of the Lair of Beasts on Aug 26, 2022.
             The game lasted 04:25:28 (14648 turns).

brightestdays the Nimble (DjFE)                    Turns: 14648, Time: 04:25:28

Health: -5/127     AC: 26    Str:  7    XL:     12   Next: 27%
Gold:   666        EV:  2    Int: 22    God:    Elyvilon [***...] SH:  0 Dex: 14

rFire   + . .      SeeInvis .   s - staff of fire
rCold   . . .      Faith    .   (no shield)
rNeg    . . .      Spirit   .   (armour currently unavailable)
rPois   ∞          Reflect  .   (helmet currently unavailable)
rElec   .          Harm     .   (cloak currently unavailable)
rCorr   .          Rampage  .   (gloves currently unavailable)
Will    ++...      NoTele   +   (boots unavailable)
Stlth   +.........              N - amulet of regeneration
HPRegen 1.11/turn               y - +4 ring of evasion
MPRegen 0.00/turn               l - ring of willpower

@: confused, tree-form, ambrosia-drunk, on berserk cooldown, slowed, studying
Armour, very slow
A: stationary, stasis, torment immunity, boosted hp, sickness immunity, (fire
resistance 2), (cold vulnerability 1), float, innate caster, HP casting, extra
vitality 1
a: Renounce Religion, Purification, Heal Other, Heal Self


You were on level 1 of the Lair of Beasts.
You worshipped Elyvilon.
Elyvilon was most pleased with you.
You were a tree.
You visited 3 branches of the dungeon, and saw 13 of its levels.

You collected 744 gold pieces.
You spent 78 gold pieces at shops.

Inventory:

Hand Weapons
 c - a +5 mace
Missiles
 g - 53 poisoned darts (quivered)
 j - 8 curare-tipped darts
 L - 6 atropa-tipped darts
Armour
 b - a +0 ring mail
 d - a +0 chain mail
 f - the +5 scale mail "Obbunun" {-Cast Rampage +Blink rN+}
   (You found it on level 8 of the Dungeon)

   rN:        It protects you from negative energy.
   +Blink:    It lets you blink.
   -Cast:     It prevents spellcasting.
   Rampage:   It bestows one free step when moving towards enemies.
 k - +0 steam dragon scales (melded)
 v - a +0 cloak (melded)
 B - the +0 robe "Cecear" {Harm *Slow rC+}
   (You found it on level 1 of the Lair of Beasts)

   rC:        It protects you from cold.
   *Slow:     It may slow you when you take damage.
   Harm:      It increases damage dealt and taken.
 E - a +2 helmet (melded)
Magical Staves
 s - a staff of fire (weapon)
Jewellery
 l - a ring of willpower (right branch)
 y - a +4 ring of evasion (left branch)
 H - an amulet of the acrobat
 N - an amulet of regeneration (around neck)
Wands
 a - a wand of acid (5)
 p - a wand of flame (16)
 C - a wand of paralysis (13)
 G - a wand of mindburst (15)
 J - a wand of iceblast (17)
Scrolls
 e - 2 scrolls of teleportation
 i - 2 scrolls of enchant armour
 r - a scroll of fear {unknown}
 t - 2 scrolls of vulnerability
 u - a scroll of torment {unknown}
 w - 2 scrolls of immolation
 x - a scroll of holy word
 F - 7 scrolls of enchant weapon
Potions
 h - 2 potions of brilliance
 n - 2 potions of attraction
 o - 4 potions of mutation
 A - a potion of lignification
 D - a potion of magic
 I - a potion of ambrosia
 O - a potion of might {unknown}


   Skills:
 * Level 7.4 Fighting
 - Level 9.1 Armour
 * Level 11.2 Dodging
 - Level 3.0 Stealth
 + Level 9.3 Spellcasting


You had 2 spell levels left.
You knew the following spells:

 Your Spells              Type           Power      Damage    Failure   Level
a - Foxfire               Conj/Fire      100%       2x1d9     1%          1
b - Scorch                Fire           100%       2d10      1%          2
c - Conjure Flame         Conj/Fire      67%        6-21      1%          3
d - Inner Flame           Hex/Fire       67%        N/A       1%          3
e - Flame Wave            Conj/Fire      67%        2d12      1%          4
f - Sting                 Tmut/Pois      100%       1d8       1%          1
g - Static Discharge      Conj/Air       50%        N/A       1%          2
h - Summon Guardian Gole  Hex/Summ       50%        N/A       1%          3
i - Teleport Other        Tloc           50%        N/A       1%          3
j - Manifold Assault      Tloc           50%        N/A       4%          5
Your spell library was empty.

Dungeon Overview and Level Annotations

Branches:
Dungeon (11/15)            Temple (1/1) D:7            Lair (1/6) D:9
    Orc: D:9-12

Altars:
Ashenzari
Cheibriados
Dithmenos
Elyvilon
Fedhas
Gozag
Hepliaklqana
Kikubaaqudgha
Makhleb
Nemelex Xobeh
Okawaru
Qazlal
Ru
Sif Muna
Trog
Uskayaw
Vehumet
Wu Jian
Xom
Yredelemnul
Zin
The Shining One

Shops:
D:2 *


Innate Abilities, Weirdness & Mutations

You are a tree.
Your roots penetrate the ground, keeping you stationary.
You cannot be teleported.
You are immune to unholy pain and torment.
Your maximum health is greatly increased.
Your equipment is partially melded.
You are immune to sickness and miasma.
You are immune to poison.
((Your flesh is very heat resistant. (rF++)))
((You are vulnerable to cold. (rC-)))
You float through the air rather than walking.
You learn spells naturally, not from books.
Your magical power is your life essence.
You have superior vitality. (+4 MHP)


Message History

Really quaff the potion of lignification?
You turn into a tree.
Your +0 cloak melds into your body.
Your +2 helmet melds into your body.
Your +0 steam dragon scales melds into your body.
Your roots penetrate the ground.
The polar bear bites you! Elyvilon protects you from harm!
The polar bear claws you but does no damage. x2
The polar bear barely misses you.
The polar bear claws you but does no damage. x2
You fail to use your ability.
The polar bear bites you but does no damage.
The polar bear claws you but does no damage. x2
The polar bear bites you.
* * * LOW HITPOINT WARNING * * *
The polar bear claws you but does no damage. x2
The polar bear bites you but does no damage.
The polar bear claws you but does no damage. x2
You don't have enough health at the moment.
You are confused.
You feel invigorated. The polar bear bites you.
* * * LOW HITPOINT WARNING * * *
The polar bear claws you but does no damage.
The polar bear claws you.
* * * LOW HITPOINT WARNING * * *
The polar bear bites you but does no damage.
The polar bear claws you but does no damage. x2
Okay, then.
You swing at nothing.
The polar bear bites you.
* * * LOW HITPOINT WARNING * * *
The polar bear claws you but does no damage. x2
The polar bear bites you.
* * * LOW HITPOINT WARNING * * *
The polar bear claws you but does no damage. x2
The polar bear bites you but does no damage.
The polar bear completely misses you.
The polar bear claws you but does no damage.
You're too confused to cast spells.
You cannot move. (Use ctrl+direction or * direction to attack without moving.)
You swing at nothing.
The polar bear bites you!
You die...

.## #...# #####
#..### ##.#.#
#....#####....#
###.###.......##
#............##
#.............#
#.............##
#....†.........#
##..h♣.........#
#...........^##
##...........#
........<....#
...#..........#
...P###.........#
/.## #........##
.. ##.......P#
###.....##


You could see a polar bear (berserk, combustible).

Vanquished Creatures
  A boulder beetle (D:11)
  A centaur warrior (D:8)
  A two-headed ogre (D:11)
  2 centaur zombies
  Maggie (D:10)
  An unseen horror (D:11)
  5 kobold demonologists
  3 komodo dragons
  A polar bear (Lair:1)
  A troll (D:9)
  2 wraiths (D:11)
  12 yaks (D:9)
  5 water moccasins
  2 ice beasts
  4 orc warriors
  2 hornet zombies (D:6)
  A sky beast (D:5)
  A black bear (Lair:1)
  2 necrophages
  2 ogres
  A centaur (D:9)
  A phantom (D:6)
  7 kobold brigands
  Blork the orc (D:4)
  A bullfrog (D:8)
  A water moccasin zombie (D:3)
  A water moccasin skeleton (D:6)
  8 wights
  A howler monkey (D:7)
  A bullfrog zombie (D:5)
  A bullfrog skeleton (D:6)
  5 jellies
  6 orc priests
  7 orc wizards
  2 hound skeletons
  A howler monkey zombie (D:8)
  10 adders
  3 ufetubi
  2 adder zombies (D:3)
  3 worms
  4 dart slugs
  23 orcs
  18 endoplasms
  A giant cockroach (D:1)
  8 goblins
  14 hobgoblins
  12 jackals
  3 quokkas
  6 ball pythons
  A ball python skeleton (D:3)
  7 bats
  3 frilled lizards
  A giant cockroach zombie (D:3)
  A jackal zombie (D:3)
  35 kobolds
  A quokka skeleton (D:3)
  11 rats
262 creatures vanquished.

Vanquished Creatures (collateral kills)
  A foxfire (Lair:1)
1 creature vanquished.

Vanquished Creatures (others)
  A tengu warrior (D:8)
  A cyclops (D:11)
  The ghost of peterlawrence the Cudgeller, an amateur MiFi (D:4)
  3 yaks (D:9)
  An orc warrior (D:9)
  An orc priest (D:9)
  An orc (D:9)
  562 foxfires
  10 fungi
  31 plants
  4 toadstools (D:3)
  5 withered plants (D:3)
621 creatures vanquished.

Grand Total: 884 creatures vanquished

Notes
Turn   | Place    | Note
-------+----------+-------------------------------------------
     0 | D:1      | brightestdays the Djinni Fire Elementalist began the quest
                  | for the Orb.
     0 | D:1      | Reached XP level 1. HP: 15/15 MP: 0/0
   571 | D:1      | Reached XP level 2. HP: 20/21 MP: 0/0
   960 | D:1      | Found a faded altar of an unknown god.
  1227 | D:1      | Reached XP level 3. HP: 18/25 MP: 0/0
  1227 | D:1      | Learned a level 1 spell: Sting
  2179 | D:2      | Reached skill level 3 in Dodging
  2179 | D:2      | Reached XP level 4. HP: 2/31 MP: 0/0
  2545 | D:2      | Found Heizuterr's Assorted Antiques.
  2964 | D:2      | Reached skill level 1 in Fighting
  3591 | D:2      | Reached XP level 5. HP: 33/37 MP: 0/0
  3591 | D:2      | Learned a level 2 spell: Static Discharge
  3748 | D:3      | Reached skill level 4 in Dodging
  4228 | D:3      | Reached XP level 6. HP: 23/45 MP: 0/0
  5066 | D:3      | Found a hide-covered altar of Uskayaw.
  5751 | D:4      | Found a runed translucent gate.
  5751 | D:4      | Found a runed translucent gate.
  5751 | D:4      | Found a runed translucent gate.
  5751 | D:4      | Noticed peterlawrence's ghost (amateur MiFi)
  5801 | D:4      | Noticed Blork the orc
  5819 | D:4      | Killed Blork the orc
  5820 | D:4      | Reached XP level 7. HP: 40/52 MP: 0/0
  5820 | D:4      | Learned a level 3 spell: Summon Guardian Golem
  6060 | D:4      | Found a broken altar of Ashenzari.
  6060 | D:4      | Found an opulent altar of Gozag.
  6911 | D:4      | Killed peterlawrence's ghost
  7102 | D:5      | Entered Level 5 of the Dungeon
  7144 | D:5      | Reached skill level 5 in Dodging
  7144 | D:5      | Reached XP level 8. HP: 54/58 MP: 0/0
  7263 | D:5      | Found a bloodstained altar of Trog.
  7320 | D:5      | Reached skill level 5 in Fighting
  7351 | D:5      | Reached skill level 1 in Armour
  7873 | D:6      | Found a basalt altar of Yredelemnul.
  7879 | D:6      | Found a blossoming altar of Fedhas.
  7885 | D:6      | Found a faded altar of an unknown god.
  8079 | D:6      | Reached skill level 5 in Spellcasting
  8317 | D:6      | Reached skill level 5 in Armour
  8317 | D:6      | Reached XP level 9. HP: 62/65 MP: 0/0
  8317 | D:6      | Learned a level 3 spell: Teleport Other
  9215 | D:7      | Reached skill level 6 in Dodging
  9227 | D:7      | Found a staircase to the Ecumenical Temple.
  9293 | Temple   | Entered the Ecumenical Temple
  9371 | Temple   | Became a worshipper of Elyvilon the Healer
  9543 | D:7      | Found an iron altar of Okawaru.
  9575 | D:7      | Found a flagged portal.
 10273 | D:8      | Reached * piety under Elyvilon
 10294 | D:8      | Noticed a centaur warrior
 10332 | D:8      | Noticed a tengu warrior
 10419 | D:8      | Killed a centaur warrior
 10420 | D:8      | Reached XP level 10. HP: 32/70 MP: 0/0
 10560 | D:8      | Reached skill level 7 in Dodging
 10746 | D:8      | Killed a tengu warrior
 10906 | D:8      | Reached ** piety under Elyvilon
 10918 | D:8      | Identified the +5 scale mail "Obbunun" {-Cast Rampage
                  | +Blink rN+}
 10958 | D:8      | Reached skill level 8 in Dodging
 11430 | D:8      | Found a shadowy altar of Dithmenos.
 11433 | D:8      | Found a hazy altar of Hepliaklqana.
 11651 | D:2      | Identified a scroll of acquirement
 11651 | D:2      | Acquired a manual of Armour
 11656 | D:2      | Bought a potion of curing for 78 gold pieces
 12262 | D:9      | Reached XP level 11. HP: 70/76 MP: 0/0
 12262 | D:9      | Learned a level 5 spell: Manifold Assault
 12705 | D:9      | Found a staircase to the Lair.
 12972 | D:10     | Entered Level 10 of the Dungeon
 13137 | D:10     | Noticed Maggie
 13146 | D:10     | Killed Maggie
 13172 | D:10     | Found a sparkling altar of Nemelex Xobeh.
 13173 | D:10     | Reached *** piety under Elyvilon
 13439 | D:10     | Reached skill level 9 in Dodging
 13677 | D:11     | Noticed a cyclops
 13692 | D:11     | Killed a cyclops
 13693 | D:11     | Reached skill level 10 in Dodging
 13853 | D:11     | Noticed a boulder beetle
 13864 | D:11     | Killed a boulder beetle
 14103 | D:11     | Noticed a two-headed ogre
 14119 | D:11     | Killed a two-headed ogre
 14120 | D:11     | Reached XP level 12. HP: 80/84 MP: 0/0
 14348 | Lair:1   | Entered Level 1 of the Lair of Beasts
 14469 | D:9      | Reached skill level 11 in Dodging
 14562 | Lair:1   | Identified the +0 robe "Cecear" {Harm *Slow rC+}
 14615 | Lair:1   | HP: 2/85 [polar bear (19)]
 14615 | Lair:1   | Elyvilon protects you from harm!
 14615 | Lair:1   | Elyvilon protects you from harm!
 14630 | Lair:1   | HP: 6/190 [polar bear (6)]
 14633 | Lair:1   | HP: 2/190 [polar bear (4)]
 14643 | Lair:1   | HP: 1/85 [polar bear (12)]
 14644 | Lair:1   | Elyvilon protects you from harm!
 14648 | Lair:1   | Slain by a polar bear

Illustrated notes

Levels and vault maps discovered:
D:1:      psy_arrival_whirlpool, layout_basic, nicolae_ecumenical_lake_church
D:2:      layout_loops_ring, serial_shops, nicolae_shop_trees,
          minmay_randomly_rotated_circles
D:3:      cheibrodos_fertilizer, layout_loops_corners, amcnicky_altar_gilded,
          serial_undead, serial_undead_e, serial_undead_b, serial_undead_e,
          serial_undead_a, st_stairs_1
D:4:      layout_rooms, jmf_multi_god_temple, ebering_ghost_rock_garden,
          chequers_decorated_corner, hangedman_decor_growths, uniq_blork_the_orc
D:5:      layout_cave_pools, mainiacjoe_overflow_cross_hatched
D:6:      kb_forest_paths, layout_basic, chequers_temple_overflow_minitemple,
          minmay_misc_feat_square
D:7:      layout_basic, kennysheep_little_box, minmay_temple_entry_ruins,
          enter_bailey_5
D:8:      layout_basic, riverfiend_overflow_shadow_ancestor,
          kennysheep_island_fort
D:9:      layout_rooms, david_lair_shrubbed
D:10:     layout_cave_pools, old_standard_altar, uniq_maggie
D:11:     layout_loops_ring
Temple:   zaba_magenta_temple
Lair:1:   beast_lair_carwin_large_1, layout_cave_pods

Skill      XL: |  1  2  3  4  5  6  7  8  9 10 11 12 |
---------------+-------------------------------------+-----
Stealth        | 2 3 |  3.0
Spellcasting   | 3 4 5 6 8 9 |  9.3
Dodging        | 3 4 5 6 8 10 11 | 11.2
Fighting       | 1 2 4 5 6 7 |  7.4
Armour         | 5 8 9 |  9.1

Action                   |  1- 3 |  4- 6 |  7- 9 | 10-12 || total
-------------------------+-------+-------+-------+-------++-------
Melee: Short sword       |    10 |    44 |       |       ||    54
       Punch             |     1 |     1 |       |       ||     2
       Staff             |       |     7 |    16 |    54 ||    77
 Cast: Foxfire           |    49 |    63 |    95 |   144 ||   351
       Scorch            |    10 |    52 |    54 |   143 ||   259
       Conjure Flame     |     4 |     1 |     2 |     4 ||    11
       Inner Flame       |     1 |     2 |       |     1 ||     4
       Summon Guardian G |       |       |     3 |    11 ||    14
       Flame Wave        |       |       |     2 |     7 ||     9
       Sting             |       |       |     1 |     3 ||     4
Invok: Heal Self         |       |       |       |     3 ||     3
  Use: Scroll            |     5 |     3 |     7 |    11 ||    26
       Potion            |       |       |       |    13 ||    13
Armor: Leather armour    |     1 |       |     5 |     3 ||     9
       Robe              |    10 |    12 |     2 |       ||    24
       Ring mail         |       |       |       |    11 ||    11
       Steam dragon scal |       |       |       |    24 ||    24
       Skin              |       |       |       |    88 ||    88
Dodge: Dodged            |    20 |    53 |    36 |   148 ||   257
